AoeStats
← sophia

Arena

510637875Analyzed
1v1 RM · 1d ago on Oct 1, 2026· 37m 19s· 2 players
Game mode
Random Map
Map size
Tiny (2 player)
Population
200
Speed
Normal
Resources
Standard
Victory
Conquest
Starting age
Dark Age
Ending age
Imperial Age
RankedLock teamsTeams togetherTeam positionsShared explorationLock speedFull tech treeHidden civsTurbo modeCheats
Victory
Defeat
🇩🇪 Byzantines · Germany
443
+15
🇺🇸 Saxons · United States
416
-15
OctopusRewind
4:05 Loom
15:14 Feudal Age
17:16 Double-Bit Axe
18:10 Wheelbarrow
17:21 Town Watch
17:41 Man-at-Arms
18:07 Arson
24:03 Castle Age
24:03 Scale Mail Armor
24:04 Padded Archer Armor
24:10 Scale Barding Armor
24:16 Forging
23:57 Fletching
25:17 Bloodlines
25:08 Husbandry
24:29 Light Cavalry
25:13 Horse Collar
26:52 Town Patrol
27:33 Chain Mail Armor
27:59 Squires
27:48 Gambesons
31:50 Bodkin Arrow
35:24 Iron Casting
35:50 Bow Saw
35:35 Long Swordsman
36:58 Pikeman
sophia
9:42 Loom
12:56 Feudal Age
13:31 Double-Bit Axe
16:19 Castle Age
14:24 Horse Collar
15:00 Fletching
15:18 Gold Mining
15:22 Stone Mining
16:24 Padded Archer Armor
19:36 Bow Saw
19:28 Bodkin Arrow
22:53 Sanctity
26:31 Elite Skirmisher
28:45 Wheelbarrow
29:09 Murder Holes
30:13 Ballistics
30:37 Arson
30:52 Squires
30:55 Husbandry
31:18 Heavy Plow
31:22 Gambesons
33:35 Hand Cart
36:22 Imperial Age
34:22 Redemption
34:23 Fervor
35:18 Atonement
35:19 Pikeman
36:06 Thumb Ring
35:23 Crossbowman
36:15 Forging
36:06 Scale Mail Armor
36:12 Scale Barding Armor
36:22 Leather Archer Armor
35:30 Light Cavalry
36:11 Greek Fire
35:54 Treadmill Crane
38:07 Chemistry
36:31 Capped Ram
37:49 Conscription
38:06 Hoardings
37:34 Bracer
38:15 Iron Casting
37:55 Chain Mail Armor
37:59 Block Printing
38:10 Illumination
Connection lost

Rejoining the realm…

Still unreachable

The connection could not be restored.

Session expired

The server has moved on; the page needs a fresh start.